 Dungeon Crawl Stone Soup version 0.28.0-53-g5a82cb258f (webtiles) character file.

Game seed: 9368828780621038639

65 Sin92 the Skirmisher (level 3, -6/29 HPs)
             Began as a Demonspawn Fighter on June 28, 2022.
             Mangled by a black bear (7 damage)
             ... on level 3 of the Dungeon.
             The game lasted 00:01:44 (1562 turns).

Sin92 the Skirmisher (Demonspawn Fighter)           Turns: 1562, Time: 00:01:45

Health: -6/29      AC:  6    Str: 18    XL:     3   Next: 92%
Magic:  3/3        EV:  9    Int: 13    God:
Gold:   63         SH:  4    Dex: 12    Spells: 2/2 levels left

rFire   . . .      SeeInvis .   a - +0 war axe
rCold   . . .      Faith    .   c - +0 buckler
rNeg    . . .      Spirit   .   b - +0 scale mail
rPois   .          Reflect  .   (no helmet)
rElec   .          Harm     .   (no cloak)
rCorr   .          Rampage  .   (no gloves)
Will    .....                   (no boots)
Stlth   ..........              (no amulet)
HPRegen 0.09/turn               (no ring)
MPRegen 0.08/turn               (no ring)

@: no status effects
A: big brain 2
a: no special abilities


You were on level 3 of the Dungeon.
You visited 1 branch of the dungeon, and saw 3 of its levels.

You collected 63 gold pieces.

Inventory:

Hand Weapons
 a - a +0 war axe (weapon)
Armour
 b - a +0 scale mail (worn)
 c - a +0 buckler (worn)
Scrolls
 e - 2 scrolls of identify
Potions
 d - a potion of might
 f - a potion of attraction {unknown}
 h - a potion of heal wounds {unknown}
 j - a potion of resistance {unknown}


   Skills:
 + Level 3.4 Fighting
 + Level 2.3 Axes
 + Level 3.1 Armour
 + Level 1.2 Dodging
 + Level 3.1 Shields


You had 2 spell levels left.
You didn't know any spells.
Your spell library was empty.

Dungeon Overview and Level Annotations

Branches:
Dungeon (3/15)

Altars:


Innate Abilities, Weirdness & Mutations

You have an extremely huge brain. (Int +4)


Message History

The black bear is moderately wounded.
You hit the orc. The orc barely misses you. The black bear bites you!
The black bear closely misses you. The black bear barely misses you.
The orc hits you but does no damage. x2; The black bear barely misses you.
The black bear closely misses you. x2
Unknown command.
You are too injured to fight recklessly!
Unknown command.
You are too injured to fight recklessly!
Unknown command.
You are too injured to fight recklessly!
Unknown command.
You barely miss the black bear.
The black bear is moderately wounded.
You hit the orc.
You kill the orc!
The orc hits you but does no damage. The black bear misses you.
The black bear closely misses you.
The black bear claws you but does no damage.
You closely miss the black bear.
The black bear is moderately wounded.
A rat comes into view.
You block the orc's attack. The black bear closely misses you.
The black bear claws you but does no damage.
The black bear claws you.
* * * LOW HITPOINT WARNING * * *
The orc hits you but does no damage.
The black bear bites you but does no damage.
The black bear claws you.
* * * LOW HITPOINT WARNING * * *
The black bear claws you.
* * * LOW HITPOINT WARNING * * *
You barely miss the black bear.
The black bear is moderately wounded.
You block the orc's attack. The black bear barely misses you.
The black bear claws you but does no damage. x2
You closely miss the black bear.
The black bear is moderately wounded.
The orc closely misses you. The black bear bites you!
You die...

. #.#.# .##
#. #.... ..
..#...#(.
.#.w.#.
....r .o.#
#h)# #@)#
#.#..#
#...<#
#.........#
#....######
#<....
#.....#
#.....#
###...#


You could see a black bear, a worm, an orc and a rat.

Vanquished Creatures
  An orc priest (D:3)
  An adder (D:2)
  3 orcs
  A ball python (D:2)
  A bat (D:1)
  3 endoplasms
  4 goblins (D:1)
  4 hobgoblins
  2 frilled lizards (D:1)
  A kobold (D:1)
  2 rats (D:1)
23 creatures vanquished.

Notes
Turn   | Place    | Note
-------+----------+-------------------------------------------
     0 | D:1      | Sin92 the Demonspawn Fighter began the quest for the Orb.
     0 | D:1      | Reached XP level 1. HP: 18/18 MP: 1/1
   182 | D:1      | Found a faded altar of an unknown god.
   182 | D:1      | Noticed a shining eye
   190 | D:1      | Noticed a floating eye
   359 | D:1      | Gained mutation: You have an unusually large brain. (Int
                  | +2) [demonic ancestry]
   359 | D:1      | Reached XP level 2. HP: 24/24 MP: 2/2
   600 | D:1      | Noticed an eye of devastation
   600 | D:1      | Noticed a shining eye
  1047 | D:2      | Gained mutation: You have an extremely huge brain. (Int +4)
                  | [demonic ancestry]
  1047 | D:2      | Reached XP level 3. HP: 21/29 MP: 3/3
  1187 | D:2      | Reached skill level 1 in Dodging
  1552 | D:3      | Noticed a black bear
  1560 | D:3      | HP: 1/29 [black bear (1)]
  1562 | D:3      | Mangled by a black bear

Illustrated notes

Levels and vault maps discovered:
D:1:      kennysheep_arrival_seaside, layout_basic,
          hellmonk_ecumenical_altar_watching_god
D:2:      layout_loops_ring
D:3:      layout_basic, nicolae_underground_beach, uniq_robin

Skill      XL: |  1  2  3 |
---------------+----------+-----
Axes           | 2 |  2.3
Armour         | 3 |  3.1
Dodging        | 1 |  1.2
Shields        | 3 |  3.1
Fighting       | |  3.4

Action                   || total
-------------------------++-------
Melee: War axe           ||    49
  Use: Scroll            ||     4
Armor: Scale mail        ||    29
Dodge: Dodged            ||    30
Block: Buckler           ||    13
